 Dungeon Crawl Stone Soup version 0.27.1-1-g398f81649c (webtiles) character file.

Game seed: 3406418754070235209

72 oldmanjim the Firebug (level 4, -1/33 HPs)
             Began as a Demonspawn Fire Elementalist on Sept 12, 2021.
             Slain by a black bear (3 damage)
             ... on level 3 of the Dungeon on Sept 17, 2021.
             The game lasted 00:20:26 (4960 turns).

oldmanjim the Firebug (DsFE)                        Turns: 4960, Time: 00:20:27

Health: -1/33      AC:  2    Str:  9    XL:     4   Next: 7%
Magic:  7/7        EV: 12    Int: 17    God:
Gold:   52         SH:  0    Dex: 13    Spells: 6/7 levels left

rFire    . . .     SeeInvis +   a - +0 dagger
rCold    . . .     Faith    .   (no shield)
rNeg     . . .     Spirit   .   g - +0 robe
rPois    +         Reflect  .   (no helmet)
rElec    .         Harm     .   (no cloak)
rCorr    .         Rampage  .   (no gloves)
Will     .....                  (no boots)
Stlth    ++........             (no amulet)
HPRegen  0.11/turn              d - ring of see invisible
MPRegen  0.10/turn              p - ring of poison resistance

@: no status effects
A: demonic guardian 1
a: no special abilities


You were on level 3 of the Dungeon.
You visited 1 branch of the dungeon, and saw 3 of its levels.

You collected 52 gold pieces.

Inventory:

Hand Weapons
 a - a +0 dagger (weapon)
 b - a +0 hunting sling
Missiles
 f - 95 stones
 j - 6 poisoned darts (quivered)
 o - 11 bolts
 v - 26 sling bullets
Armour
 c - a +0 leather armour
 e - a +0 buckler
 g - a +0 robe (worn)
 h - a +1 chain mail of fire resistance
 t - a +0 tower shield
 x - a +0 kite shield
Jewellery
 d - a ring of see invisible (left hand)
 p - a ring of poison resistance (right hand)
Scrolls
 i - a scroll of teleportation {unknown}
 k - a scroll of noise {unknown}
 n - 2 scrolls of amnesia {unknown}
 q - 3 scrolls of identify {unknown}
 r - 2 scrolls of magic mapping {unknown}
 u - a scroll of enchant armour {unknown}
 y - a scroll of immolation {unknown}
 A - a scroll of blinking {unknown}
Potions
 l - a potion of mutation {unknown}
 m - 3 potions of might {unknown}
 s - 2 potions of magic {unknown}
 w - a potion of degeneration {unknown}
 z - a potion of curing {unknown}
 B - a potion of heal wounds {unknown}


   Skills:
 * Level 1.8 Fighting
 + Level 2.2 Dodging
 - Level 1.7 Stealth
 - Level 1.1 Shields
 + Level 2.4 Spellcasting
 + Level 1.8 Conjurations
 - Level 2.6 Fire Magic


You had 6 spell levels left.
You knew the following spells:

 Your Spells              Type           Power      Damage    Failure   Level
a - Foxfire               Conj/Fire      36%        2x1d5     8%          1

Your spell library contained the following spells:

 Spells                   Type           Power      Damage    Failure   Level
 Magic Dart               Conj           32%        1d4       9%          1
 Corona                   Hex            2%         N/A       19%         1
 Conjure Flame            Conj/Fire      9%         6-21      22%         3
 Call Imp                 Summ           2%         N/A       28%         2
 Inner Flame              Hex/Fire       6%         N/A       32%         3
 Mephitic Cloud           Conj/Pois/Air  4%         N/A       41%         3
 Sticky Flame             Conj/Fire      9%         2d3       58%         4
 Fireball                 Conj/Fire      4%         3d4       90%         5


Dungeon Overview and Level Annotations

Branches:
Dungeon (3/15)

Altars:

Shops:
D:1 :


Innate Abilities, Weirdness & Mutations

A weak demonic guardian rushes to your aid.


Message History

Your white imp closely misses the black bear.
The black bear looks more healthy.
The black bear misses you. The black bear claws you.
The black bear barely misses you.
Your white imp gestures at the black bear.
The puff of frost hits the black bear!
The black bear barely misses your white imp.
The black bear claws your white imp but does no damage.
The black bear claws your white imp.
Throw: 9 darts (poison)
Press: ? - help, Q - select action, (/) - cycle Shift-Dir - straight line, f/p - black bear
Aim: a black bear (severely wounded, ally target, 64% to hit)
You throw a poisoned dart.
The poisoned dart barely misses the black bear.
Your white imp hits the black bear but does no damage.
The black bear goes berserk!
Throw: 8 darts (poison)
Press: ? - help, Q - select action, (/) - cycle Shift-Dir - straight line, f/p - black bear
Aim: a black bear (severely wounded, berserk, ally target, 64% to hit)
You throw a poisoned dart.
The poisoned dart closely misses the black bear.
The black bear bites your white imp!
Your white imp dies!
Throw: 7 darts (poison)
Press: ? - help, Q - select action, (/) - cycle Shift-Dir - straight line, f/p - black bear
Aim: a black bear (severely wounded, berserk, unaware, hasn't noticed you, 64% to hit)
You throw a poisoned dart.
The poisoned dart closely misses the black bear.
The black bear growls angrily.
The black bear bites you! The black bear barely misses you.
The black bear claws you.
* * * LOW HITPOINT WARNING * * *
The black bear closely misses you. The black bear claws you.
* * * LOW HITPOINT WARNING * * *
A demonic guardian appears!
The black bear claws you.
* * * LOW HITPOINT WARNING * * *
Your white imp evades a web.
The black bear bites you but does no damage.
The black bear claws you.
You die...

###.# ##..).......#
#...###...#####...##
##†#..#..P#.....#...##
#..##...P#.#####.#P..#
#.###...#.#.....#.#..#
..# #..#.#.#####.#.#.#
.## ##.#.#.#._.#.#.#.#
..## #....^.^^.5^....#
...# #(........h@....#
...###......##.#######
....##......##.#
..#.(...######.#
....###.# #.# (##.#
#.# #.# .##.###.# #.#
# #..##.# #.# #.....##
#.#


You could see a black bear (berserk, ally target) and a friendly white imp
(summoned).

Vanquished Creatures
  2 dart slugs (D:3)
  An orc (D:2)
  2 ball pythons
  An endoplasm (D:3)
  3 giant cockroaches
  10 goblins
  4 hobgoblins
  2 bats
  2 frilled lizards (D:3)
  2 kobolds
  3 rats
32 creatures vanquished.

Vanquished Creatures (collateral kills)
  Robin (D:2)
  3 adders
  A bat (D:3)
  2 goblins (D:2)
  2 hobgoblins (D:2)
  5 foxfires (D:3)
14 creatures vanquished.

Vanquished Creatures (others)
  47 foxfires
  3 fungi (D:3)
  8 plants (D:3)
58 creatures vanquished.

Grand Total: 104 creatures vanquished

Notes
Turn   | Place    | Note
-------+----------+-------------------------------------------
     0 | D:1      | oldmanjim the Demonspawn Fire Elementalist began the quest
                  | for the Orb.
     0 | D:1      | Reached XP level 1. HP: 13/13 MP: 3/3
   553 | D:1      | Found Disyuxo's Book Shop.
   840 | D:2      | Gained mutation: A weak demonic guardian rushes to your
                  | aid. [demonic ancestry]
   840 | D:2      | Reached XP level 2. HP: 11/20 MP: 1/5
  1550 | D:1      | Reached skill level 1 in Fighting
  1862 | D:2      | You fall into a shaft and drop 1 floor!
  2000 | D:2      | Reached XP level 3. HP: 23/26 MP: 6/6
  2561 | D:2      | Noticed Robin
  2578 | D:2      | Reached skill level 1 in Shields
  2844 | D:2      | Killed Robin
  3599 | D:3      | Noticed a black bear
  4631 | D:3      | Found a faded altar of an unknown god.
  4639 | D:3      | Got Plato's Reference Book on Hexes
  4713 | D:3      | Reached XP level 4. HP: 16/33 MP: 7/7
  4960 | D:3      | Slain by a black bear

Illustrated notes

Levels and vault maps discovered:
D:1:      dpeg_arrival_tiny_k, layout_loops_ring, serial_shops, shop
D:2:      layout_basic, uniq_robin
D:3:      layout_rooms, shapermc_ecumenical_altar_rom_forum,
          serial_bayou_lagoon_a

Skill      XL: |  1  2  3 |
---------------+----------+-----
Dodging        | 2 |  2.2
Fighting       | 1 |  1.8
Shields        | 1 |  1.1
Stealth        | |  1.7
Spellcasting   | |  2.4
Conjurations   | |  1.8
Fire Magic     | |  2.6

Action                   |  1- 3 |  4- 6 || total
-------------------------+-------+-------++-------
Melee: Dagger            |   155 |       ||   155
 Fire: Hunting sling     |     6 |       ||     6
Throw: Dart              |    11 |     6 ||    17
 Cast: Foxfire           |    41 |       ||    41
 Stab: Sleeping          |     2 |       ||     2
Armor: Robe              |    48 |     2 ||    50
Dodge: Dodged            |   138 |     4 ||   142
